Map: Catalyst LE

Players

SALTKING - Winner!

  • Race: Terran Terran
  • League: Master
  • Spawn Location: 5:00

Leon

  • Race: Protoss Protoss
  • League: Platinum
  • Spawn Location: 11:00

VOD

Have the link to the VOD?

Description

TvP

Time

  • Played on: March 1, 2018, 10:33 p.m.
  • Length: 10:35
Show
View Real Time Build Order
Export as new Build Order

SALTKING Terran - Winner!

Build Orders: Reaper Expand, MMM Bio 

Get SALT Encoding   

  12  0:00  SCV  
  13  0:13  SCV  
  14  0:17  Supply Depot  
  14  0:25  SCV  
  15  0:31  Refinery  
  15  0:39  SCV  
  16  0:45  Barracks  
  16  0:51  SCV  
  17  1:03  SCV  
  18  1:15  SCV  
  19  1:32  Orbital Command, Reaper  
  20  1:43  Command Center  
  20  1:58  SCV  
  21  2:02  Factory  
  21  2:09  Barracks Reactor  
  21  2:10  SCV  
  22  2:17  Supply Depot  
  22  2:19  Refinery  
  22  2:23  SCV  
  23  2:39  SCV  
  24  2:51  Factory Reactor, SCV  
  25  2:52  Marine  
  25  2:53  Marine  
  25  2:57  Orbital Command  
  27  2:59  Starport  
  27  3:03  SCV  
  28  3:12  Marine x2  
  28  3:15  SCV  
  31  3:24  SCV  
  32  3:27  SCV  
  32  3:28  Widow Mine  
  32  3:29  Widow Mine  
  32  3:30  Marine x2  
  39  3:35  Supply Depot  
  39  3:36  Medivac, SCV  
  39  3:39  SCV  
  39  3:40  Supply Depot  
  43  3:48  Marine x2, SCV  
  46  3:56  SCV  
  46  3:57  Widow Mine x2  
  46  4:01  SCV  
  52  4:06  Medivac  
  52  4:09  SCV  
  55  4:13  SCV  
  56  4:19  Widow Mine x2  
  56  4:21  SCV  
  61  4:24  Supply Depot  
  61  4:25  SCV  
  61  4:29  Supply Depot  
  62  4:33  Barracks x2  
  62  4:34  SCV  
  62  4:37  Barracks, SCV  
  64  4:47  SCV  
  65  4:53  SCV  
  66  5:01  SCV  
  66  5:04  Marine x2  
  66  5:05  SCV  
  70  5:08  Refinery  
  70  5:09  Factory Tech Lab  
  70  5:10  Refinery  
  70  5:11  Supply Depot  
  70  5:13  SCV  
  71  5:15  Medivac  
  71  5:17  SCV  
  71  5:18  Medivac  
  76  5:23  Command Center  
  75  5:34  SCV  
  75  5:35  SCV  
  75  5:40  Barracks Tech Lab  
  75  5:42  Siege Tank, Barracks Tech Lab  
  72  5:43  Barracks Reactor  
  72  5:45  Marine x2, Medivac  
  76  5:55  SCV x2  
  76  6:03  Marine  
  77  6:04  Marauder x2, Marine  
  77  6:05  Combat Shields  
  77  6:06  Stimpack  
  77  6:07  SCV  
  77  6:09  Supply Depot, SCV  
  77  6:10  Supply Depot  
  84  6:19  SCV  
  84  6:20  Marine  
  84  6:23  Engineering Bay  
  84  6:24  SCV  
  84  6:25  Engineering Bay  
  87  6:28  Marauder x2  
  87  6:29  Marine x2  
  87  6:30  Marine  
  87  6:31  SCV  
  92  6:49  Marauder  
  92  6:51  SCV  
  92  6:52  SCV  
  92  6:53  Orbital Command  
  95  7:00  Marine x5  
  103  7:08  Siege Tank  
  103  7:09  Medivac x2  
  103  7:10  Marine  
  103  7:13  Terran Infantry Weapons Level 1, Terran Infantry Armor Level 1  
  103  7:15  SCV x2  
  110  7:17  Marine x2  
  110  7:18  Armory  
  110  7:19  Barracks  
  110  7:20  Barracks, SCV  
  110  7:22  Barracks  
  113  7:25  Supply Depot  
  113  7:27  Supply Depot, SCV x2  
  115  7:30  Marine  
  115  7:32  Marine x2, SCV  
  119  7:38  Marine x2  
  119  7:39  Marine  
  119  7:41  Viking  
  124  7:45  SCV  
  124  7:46  Viking, SCV  
  124  7:47  SCV  
  124  7:48  Marine  
  124  7:49  Marine  
  131  7:57  Marauder, SCV  
  136  7:58  Marauder, Starport  
  136  7:59  SCV  
  136  8:02  Siege Tank  
  136  8:03  Marine  
  141  8:07  Supply Depot  
  141  8:09  Supply Depot  
  141  8:12  Supply Depot  
  141  8:15  Refinery  
  141  8:18  Refinery  
  141  8:22  Marine x4, Viking x2  
  141  8:25  Terran Vehicle Weapons Level 1  
  149  8:28  Marine x2, Barracks Tech Lab  
  149  8:30  Barracks Tech Lab  
  149  8:31  Barracks Tech Lab  
  149  8:33  Marine  
  152  8:40  Marine x3, Supply Depot  
  152  8:41  Marauder, Supply Depot x2  
  157  8:43  SCV x3  
  157  8:46  Marauder, Marine  
  163  8:49  Siege Tank  
  163  8:50  Marine  
  163  8:51  Marine  
  163  8:53  Viking  
  170  8:57  Viking  
  170  9:00  Marine  
  170  9:02  Viking  
  175  9:05  Marine x2  
  175  9:06  Marine x2, Supply Depot  
  175  9:07  Marine  
  180  9:10  Marine x2  
  180  9:11  Marine  
  183  9:18  Marine  
  183  9:23  Marine x2  
  183  9:24  Marine x2  
  186  9:25  Marine  
  186  9:31  Viking x2  
  193  9:33  Siege Tank  
  193  9:35  Marauder  
  193  9:37  Marauder  
  193  10:00  Marauder, Marine  
  193  10:01  Marauder x2  
  198  10:13  Marine x5  
Show
View Real Time Build Order
Export as new Build Order

Leon Protoss 

Build Orders: 1 Gate Expand 

Get SALT Encoding   

  12  0:01  Probe  
  13  0:13  Probe  
  14  0:18  Pylon  
  14  0:25  Probe  
  15  0:36  Gateway  
  15  0:39  Probe (Chrono Boost)  
  16  0:49  Probe (Chrono Boost)  
  17  0:54  Probe (Chrono Boost)  
  18  0:59  Assimilator  
  18  1:04  Assimilator  
  18  1:15  Probe  
  19  1:25  Cybernetics Core  
  19  1:28  Probe  
  20  1:42  Nexus  
  20  1:49  Assimilator  
  20  1:59  Stalker (Chrono Boost)  
  20  2:02  Warp Gate (Chrono Boost)  
  20  2:04  Probe  
  23  2:11  Pylon  
  23  2:29  Probe  
  24  2:33  Stalker  
  25  2:49  Probe  
  25  2:54  Probe  
  26  3:01  Probe  
  27  3:06  Stalker, Probe  
  27  3:11  Twilight Council  
  30  3:15  Probe  
  30  3:18  Probe  
  32  3:23  Pylon  
  32  3:28  Probe  
  32  3:30  Probe  
  34  3:41  Gateway  
  34  3:49  Gateway  
  34  3:53  Probe (Chrono Boost)  
  36  3:57  Probe (Chrono Boost)  
  36  4:04  Probe (Chrono Boost)  
  36  4:08  Probe (Chrono Boost)  
  38  4:14  Pylon  
  38  4:22  Robotics Facility  
  38  4:23  Probe x2  
  40  4:28  Stalker  
  42  4:35  Probe x2  
  44  4:39  Stalker  
  46  4:48  Stalker  
  46  4:52  Probe x2  
  50  4:56  Pylon  
  50  4:59  Assimilator  
  50  5:01  Assimilator  
  50  5:03  Pylon  
  50  5:04  Probe x2  
  52  5:11  Observer  
  52  5:13  Stalker  
  55  5:15  Stalker  
  55  5:17  Sentry  
  59  5:32  Immortal  
  45  6:03  Probe (Chrono Boost)  
  47  6:04  Probe (Chrono Boost)  
  47  6:13  Probe (Chrono Boost)  
  47  6:14  Probe (Chrono Boost)  
  47  6:15  Stalker  
  47  6:16  Stalker x2  
  55  6:18  Probe x2 (Chrono Boost)  
  57  6:30  Probe x2  
  59  6:36  Robotics Bay  
  57  6:42  Probe x2  
  53  6:58  Probe x2  
  55  7:02  Stalker  
  55  7:03  Stalker  
  59  7:10  Probe x2  
  61  7:27  Extended Thermal Lance  
  61  7:28  Probe x2  
  63  7:40  Probe  
  63  7:41  Probe  
  63  7:42  Colossus (Chrono Boost)  
  71  7:55  Pylon  
  71  8:01  Robotics Facility, Probe  
  71  8:03  Probe  
  73  8:28  Probe (Chrono Boost)  
  73  8:29  Probe (Chrono Boost)  
  75  8:38  Probe x2 (Chrono Boost)  
  75  8:40  Templar Archives  
  77  8:43  Probe x2 (Chrono Boost)  
  77  8:46  Stalker x3  
  85  8:56  Probe  
  85  9:02  Pylon  
  86  9:05  Pylon  
  86  9:20  Colossus, Probe  
  93  9:26  High Templar  
  93  9:30  High Templar  
  97  9:32  Nexus, Zealot  
  97  9:34  Pylon  
  99  9:39  Probe x2  
  100  9:51  Probe x2  
Tags
 
Add a new tag
Caveats
  • Supply blocks, unpowered buildings, or Contaminate may cause inaccurate times.
  • Supply counts are checked every 10 seconds.